 Dungeon Sprint DCSS version 0.26-a0-1002-g7355149c4d (webtiles) character file.

Game seed: 10190264899661972038

196 mhtbhm the Shield-Bearer (level 6, -15/55 HPs)
             Began as a Formicid Fighter on Dec 6, 2020.
             Demolished by an ogre
             ... wielding a +0 giant club
              (16 damage)
             ... in the Dungeon (Sprint IX: "|||||||||||||||||||||||||||||").
             The game lasted 00:00:19 (104 turns).

mhtbhm the Shield-Bearer (Formicid Fighter)          Turns: 104, Time: 00:00:20

Health: -15/55     AC:  7    Str: 23    XL:     6   Next: 4%
Magic:  6/6        EV: 10    Int:  7    God:
Gold:   0          SH: 11    Dex: 10    Spells: 5/5 levels left

rFire    . . .     SeeInvis +   a - +0 long sword
rCold    . . .     Faith    .   c - +0 kite shield
rNeg     . . .     Spirit   .   b - +0 scale mail
rPois    .         Reflect  .   (helmet unavailable)
rElec    .         Harm     .   (no cloak)
rCorr    .         Rampage  .   (no gloves)
Will     .....                  (no boots)
Stlth    ..........             (no amulet)
HPRegen  0.18/turn              (no ring)
MPRegen  0.10/turn              (no ring)

@: mighty, lethally poisoned (-15 -> -16)
A: permanent stasis, dig shafts and tunnels, four strong arms, antennae 3
a: Dig


You were in the Dungeon.
You visited 1 branch

Inventory:

Hand Weapons
 a - a +0 long sword (weapon)
Armour
 b - a +0 scale mail (worn)
 c - a +0 kite shield (worn)
Potions
 e - a potion of curing
 g - 2 potions of magic


   Skills:
 + Level 7.4 Fighting
 + Level 5.2 Long Blades
 + Level 6.9 Armour
 + Level 1.4 Dodging
 + Level 7.8 Shields


You had 5 spell levels left.
You didn't know any spells.
Your spell library was empty.

Dungeon Overview and Level Annotations

Branches:
Dungeon (1/1)

Altars:


Innate Abilities, Weirdness & Mutations

You cannot be hasted, slowed, berserked, paralysed or teleported.
You can dig through walls and to a lower floor.
Your four strong arms can wield two-handed weapons with a shield.
You have a pair of large antennae on your head. (SInv)


Message History

The ogre closely misses you.
You slice the ogre!!
You kill the ogre!
You feel sick.
Your Fighting skill increases to level 7!
Your Long Blades skill increases to level 5!
Your Shields skill increases to level 7!
You have reached level 6!
Your experience leads to an increase in your attributes!
Increase (S)trength, (I)ntelligence, or (D)exterity?
You feel stronger.
Unknown command.
You slash the ogre!
The ogre is moderately wounded.
The ogre hits you with a +0 giant club!!
* * * LOW HITPOINT WARNING * * *
You closely miss the ogre.
The ogre is moderately wounded.
The ogre hits you with a +0 giant club!
You die...

▓+▓
▓.▓
▓.▓
▓.▓
▓.▓
▓Z▓
▓O▓
▓@▓
▓.▓
▓.▓
▓.▓
▓†▓
▓)▓
▓.▓
▓.▓
▓.▓


You could see an ogre and a bat skeleton.

Vanquished Creatures
  A necrophage (D)
  An ogre (D)
  A worker ant (D)
  A dart slug (D)
  2 goblins (D)
  2 bats (D)
8 creatures vanquished.

Notes
Turn   | Place    | Note
-------+----------+-------------------------------------------
     0 | D        | mhtbhm the Formicid Fighter began the quest for the Orb.
     0 | D        | Reached XP level 1. HP: 18/18 MP: 1/1
     4 | D        | Banished a spatial maelstrom
    19 | D        | Reached XP level 2. HP: 22/25 MP: 2/2
    81 | D        | Noticed an ogre
    81 | D        | Noticed an ogre
    81 | D        | Noticed a necrophage
    87 | D        | Killed a necrophage
    88 | D        | Reached skill level 5 in Armour
    88 | D        | Reached XP level 3. HP: 20/33 MP: 3/3
    88 | D        | Reached XP level 4. HP: 24/39 MP: 4/4
    95 | D        | Reached skill level 1 in Dodging
    95 | D        | Reached XP level 5. HP: 40/47 MP: 5/5
   102 | D        | Killed an ogre
   103 | D        | Reached skill level 5 in Long Blades
   103 | D        | Reached XP level 6. HP: 19/55 MP: 6/6
   103 | D        | HP: 1/55 [ogre/+0 giant club (18)]
   104 | D        | Demolished by an ogre

Illustrated notes

Levels and vault maps discovered:
D:        linesprint [early_d, line_temple, items_1, d_10, items_2, lair_1,
          lair_end, items_3, orc_1, orc_end, items_4, d_15, swamp_1, shoals_1,
          snake_1, spider_1, d_20, vaults_1, items_5, swamp_end, shoals_end,
          snake_end, spider_end, vaults_end, d_27, items_6, zot_1, zot_end,
          crypt_end, forest_end, elf_end, slime_end, tomb_end, abyss_end,
          pan_hell_end]

Skill      XL: |  1  2  3  4  5 |
---------------+----------------+-----
Shields        | 4 6 7 |  7.8
Fighting       | 4 6 7 |  7.4
Long Blades    | 4 5 |  5.2
Armour         | 5 6 |  6.9
Dodging        | 1 |  1.4

Action                   |  1- 3 |  4- 6 || total
-------------------------+-------+-------++-------
Melee: Long sword        |    32 |    15 ||    47
  Use: Potion            |       |     2 ||     2
Armor: Scale mail        |    16 |     3 ||    19
Dodge: Dodged            |    13 |     4 ||    17
Block: Kite shield       |    21 |     5 ||    26
       Rpst.: Long sword |     5 |     2 ||     7

Table legend: (Time is in decaauts)
 A = Elapsed time spent in this place.
 B = Non-inter-level travel time spent in this place.
 C = Inter-level travel time spent in this place.
 D = Time resting spent in this place.
 E = Time spent auto-exploring this place.
 F = Levels seen in this place.
 G = Mean time per level.
                   A        B        C        D        E       F      G
               +--------+--------+--------+--------+--------+-----+--------+
         Total |    118 |    118 |      0 |     45 |      0 |   1 |  118.0 |
       Dungeon |    118 |    118 |      0 |     45 |      0 |   1 |  118.0 |
               +--------+--------+--------+--------+--------+-----+--------+

Top non-repeatable levels by time:
       D: 118 daAuts
